Map: Ascension vers Aïur EC

Players

Descape

  • Race: Zerg Zerg
  • League: Master
  • Spawn Location: 11:00

zuka - Winner!

  • Race: Protoss Protoss
  • League: Master
  • Spawn Location: 5:00

VOD

Have the link to the VOD?

Description

Time

  • Played on: Sept. 19, 2017, 3:44 p.m.
  • Length: 10:06
Show
View Real Time Build Order
Export as new Build Order

Descape Zerg 

Build Orders: Hatch First 

Get SALT Encoding   

  12  0:00  Drone  
  13  0:12  Overlord  
  13  0:16  Drone  
  14  0:30  Drone x2  
  14  0:34  Drone  
  17  0:51  Hatchery  
  17  0:54  Drone  
  17  0:58  Drone  
  18  1:08  Extractor  
  17  1:13  Spawning Pool  
  17  1:16  Drone  
  17  1:20  Drone  
  18  1:27  Drone  
  19  1:38  Overlord  
  19  1:49  Drone  
  20  2:01  Roach Warren  
  19  2:02  Queen  
  21  2:12  Spine Crawler  
  22  2:24  Drone  
  22  2:27  Overlord  
  21  2:40  Roach  
  21  2:41  Roach x2  
  21  2:43  Queen  
  29  2:51  Roach  
  31  3:02  Ravager  
  32  3:08  Ravager  
  32  3:11  Drone  
  32  3:12  Overlord, Drone  
  35  3:29  Overlord  
  35  3:32  Roach  
  35  3:33  Roach  
  39  3:56  Ravager  
  40  4:04  Extractor  
  40  4:06  Hatchery  
  38  4:11  Roach  
  40  4:33  Ravager  
  38  4:40  Roach x3  
  42  4:49  Zergling x6  
  41  5:03  Queen  
  41  5:05  Drone  
  39  5:20  Roach  
  40  5:26  Spine Crawler, Roach  
  40  5:28  Spine Crawler  
  40  5:29  Drone x3, Spine Crawler  
  40  5:31  Ravager  
  43  5:49  Roach x2  
  44  5:55  Roach x4  
  52  6:21  Lair  
  52  6:24  Overlord x2  
  52  6:26  Overlord  
  52  6:40  Overlord  
  52  6:42  Spore Crawler  
  52  6:43  Drone  
  52  6:44  Drone x2  
  54  6:48  Ravager x2  
  56  6:58  Queen  
  37  7:25  Roach  
  37  7:26  Roach x6  
  45  7:42  Roach  
  45  7:43  Roach x2  
  49  7:55  Roach x2  
  49  7:56  Roach  
  55  7:58  Ravager  
  52  8:13  Roach x2  
  56  8:23  Ravager  
  57  8:34  Queen x2  
  37  8:57  Roach x3  
  19  9:35  Ravager  
Show
View Real Time Build Order
Export as new Build Order

zuka Protoss - Winner!

Build Orders:  

Get SALT Encoding   

  12  0:01  Probe (Chrono Boost)  
  13  0:11  Probe (Chrono Boost)  
  14  0:17  Pylon  
  14  0:22  Probe (Chrono Boost)  
  15  0:35  Probe (Chrono Boost)  
  16  0:38  Forge  
  16  0:46  Probe (Chrono Boost)  
  17  0:59  Pylon  
  17  1:18  Photon Cannon  
  17  1:25  Assimilator  
  17  1:29  Probe (Chrono Boost)  
  18  1:37  Photon Cannon  
  18  1:40  Gateway  
  18  1:41  Probe (Chrono Boost)  
  18  1:45  Assimilator  
  19  1:51  Probe (Chrono Boost)  
  19  1:52  Assimilator  
  20  2:02  Probe (Chrono Boost)  
  21  2:12  Probe (Chrono Boost)  
  22  2:23  Probe (Chrono Boost)  
  22  2:27  Cybernetics Core  
  23  2:30  Zealot  
  23  2:34  Probe (Chrono Boost)  
  26  2:45  Photon Cannon  
  26  2:48  Pylon  
  26  3:03  Warp Gate (Chrono Boost)  
  26  3:06  Robotics Facility  
  26  3:16  Photon Cannon  
  26  3:17  Stalker  
  28  3:30  Photon Cannon  
  28  3:39  Gateway  
  28  3:41  Gateway  
  28  3:49  Stalker  
  28  4:04  Immortal (Chrono Boost)  
  32  4:16  Photon Cannon  
  32  4:21  Stalker  
  32  4:33  Pylon  
  32  4:36  Photon Cannon  
  32  4:45  Immortal (Chrono Boost)  
  33  5:05  Stalker x2  
  37  5:09  Stalker  
  37  5:22  Warp Prism (Chrono Boost)  
  39  5:35  Pylon  
  39  5:38  Pylon  
  39  5:47  Stalker  
  39  5:56  Stalker  
  41  5:59  Stalker  
  47  6:18  Immortal (Chrono Boost)  
  47  6:33  Stalker x2  
  51  6:43  Stalker  
  53  6:49  Pylon  
  49  7:07  Stalker x2  
  41  7:27  Stalker  
  43  7:39  Stalker  
  43  7:40  Stalker  
  45  8:11  Immortal (Chrono Boost), Stalker x2  
  53  8:15  Stalker  
  45  8:53  Stalker x3  
  43  9:27  Warp Prism (Chrono Boost)  
  43  9:30  Stalker  
  45  9:33  Stalker  
Tags
 
Add a new tag
Caveats
  • Supply blocks, unpowered buildings, or Contaminate may cause inaccurate times.
  • Supply counts are checked every 10 seconds.